Map: Blackburn LE

Players

HeroMarine - Winner!

  • Race: Terran Terran
  • League: Master

Lambo

  • Race: Zerg Zerg
  • League: Grandmaster

Event: DreamHack SC2 Masters 2021 Summer

VOD

Have the link to the VOD?

Description

Time

  • Played on: June 1, 2021, 12:09 p.m.
  • Length: 15:16

All games in this series

Show
View Real Time Build Order
Export as new Build Order

HeroMarine Terran - Winner!

Build Orders: Reaper Expand, Hellion Banshee 

Get SALT Encoding   

  12  0:00  SCV  
  13  0:12  SCV  
  14  0:17  Supply Depot  
  14  0:24  SCV  
  15  0:38  SCV  
  15  0:39  Barracks  
  16  0:43  Refinery  
  16  0:50  SCV  
  17  1:02  SCV  
  18  1:15  SCV  
  19  1:27  Reaper, Orbital Command  
  20  1:40  Command Center  
  20  1:50  Supply Depot  
  20  1:52  SCV  
  21  1:59  Marine  
  22  2:05  SCV  
  23  2:08  Factory  
  23  2:17  SCV  
  23  2:19  Barracks Reactor  
  24  2:29  SCV  
  25  2:41  SCV  
  25  2:42  Command Center  
  26  2:52  Orbital Command  
  26  2:53  SCV  
  27  3:00  Starport  
  27  3:05  SCV  
  28  3:06  Refinery  
  28  3:11  Hellion  
  30  3:16  Hellion  
  30  3:17  SCV  
  33  3:20  SCV  
  33  3:22  Barracks Tech Lab  
  34  3:29  SCV  
  34  3:32  SCV, Hellion  
  38  3:37  Hellion  
  40  3:42  SCV  
  40  3:44  SCV  
  40  3:47  Banshee  
  45  3:49  Marine  
  45  3:53  Orbital Command  
  45  3:55  SCV  
  47  3:56  SCV  
  47  3:58  Cloaking Field  
  47  4:02  Hellion  
  50  4:07  Hellion  
  52  4:11  SCV, Supply Depot  
  52  4:13  SCV  
  54  4:20  SCV  
  54  4:23  Hellion  
  57  4:28  Hellion  
  57  4:29  SCV  
  57  4:30  SCV, Supply Depot  
  61  4:32  SCV  
  61  4:36  Barracks Tech Lab  
  61  4:37  Banshee  
  65  4:41  SCV  
  65  4:42  Supply Depot  
  65  4:44  SCV  
  69  4:53  SCV, Orbital Command  
  69  4:56  SCV  
  69  4:57  Stimpack, Marine  
  72  5:03  Barracks  
  72  5:05  SCV, Refinery  
  72  5:06  Refinery, Engineering Bay, Barracks  
  71  5:08  SCV  
  71  5:09  Engineering Bay  
  71  5:10  Factory Reactor  
  72  5:16  Marine  
  72  5:17  SCV, Supply Depot  
  72  5:20  SCV  
  75  5:23  SCV  
  76  5:29  SCV  
  76  5:32  SCV, Starport Reactor  
  76  5:34  Marine  
  77  5:35  SCV  
  77  5:41  SCV  
  79  5:44  SCV  
  79  5:47  Terran Infantry Weapons Level 1, Terran Infantry Armor Level 1  
  79  5:48  SCV  
  79  5:50  Barracks  
  79  5:52  Marine  
  79  5:53  SCV, Barracks  
  79  5:56  SCV  
  82  6:00  SCV, Marine x2  
  82  6:03  Supply Depot  
  85  6:04  Supply Depot  
  85  6:05  Supply Depot x2  
  85  6:06  SCV  
  85  6:07  Marine x2  
  85  6:08  SCV  
  85  6:09  Marine  
  90  6:11  Siege Tank  
  93  6:20  Supply Depot  
  93  6:25  SCV x2, Marine x3, Medivac x2  
  101  6:26  SCV  
  101  6:29  Marine x2  
  104  6:39  Barracks  
  104  6:40  Barracks  
  104  6:43  Marine x3, Siege Tank  
  104  6:44  Barracks, Combat Shield  
  104  6:45  Barracks Reactor x2  
  110  6:47  Marine x2  
  112  6:57  Medivac  
  112  6:58  Medivac  
  112  6:59  Supply Depot  
  112  7:00  Marine x3  
  119  7:05  Marine x2  
  121  7:15  Armory  
  121  7:17  Supply Depot x2  
  121  7:18  Marine x3, Supply Depot  
  124  7:23  Marine x5  
  124  7:24  Marine  
  124  7:26  Marine x2  
  124  7:28  Siege Tank  
  135  7:30  Medivac x2  
  135  7:31  Marine  
  135  7:36  Marine  
  141  7:38  Marine x2  
  141  7:40  Marine x2  
  141  7:41  Marine x3  
  141  7:42  Marine  
  141  7:44  Marine x2  
  149  7:49  Marine  
  152  7:54  Marine  
  152  7:56  Marine x2  
  155  7:58  Marine x3  
  155  7:59  Marine x2  
  155  8:00  Marine, Medivac  
  155  8:04  Marine, Siege Tank  
  152  8:07  Marine  
  152  8:08  Marine  
  152  8:12  Marine  
  142  8:13  Marine, Medivac  
  142  8:15  Marine  
  142  8:17  Marine x2  
  142  8:18  Marine x2  
  142  8:19  Marine x2  
  152  8:21  Marine  
  152  8:25  Marine  
  152  8:26  Marine  
  155  8:28  Terran Infantry Weapons Level 2  
  155  8:29  Marine, Supply Depot  
  155  8:30  Supply Depot, Medivac  
  155  8:31  Marine  
  155  8:32  Marine  
  159  8:35  Marine x2  
  159  8:36  Marine x2  
  159  8:37  Marine x2  
  159  8:40  Marine  
  157  8:42  Marine, Terran Infantry Armor Level 2  
  157  8:44  Marine  
  157  8:47  Marine  
  160  8:49  Marine  
  160  8:50  Marine  
  160  8:53  Marine x2  
  162  8:56  Marine  
  162  8:57  Marine  
  162  8:58  Marine x2  
  162  9:01  Marine x2  
  162  9:02  Marine  
  140  9:03  Medivac  
  140  9:04  Medivac  
  140  9:05  Marine  
  140  9:07  Marine  
  140  9:08  Marine  
  122  9:10  Marine  
  122  9:11  Marine  
  122  9:14  Marine x2, Siege Tank  
  122  9:16  Marine x2  
  128  9:18  Marine  
  128  9:19  Marine x2  
  128  9:23  Marine  
  132  9:25  Marine  
  132  9:26  Marine  
  132  9:28  Marine x2  
  136  9:32  Marine x2  
  136  9:33  Marine  
  136  9:34  Marine  
  136  9:36  Marine x2  
  136  9:37  Marine  
  143  9:40  Medivac  
  143  9:41  Marine, Medivac  
  143  9:43  Marine  
  143  9:44  Marine  
  150  9:46  Marine x2  
  150  9:52  Command Center  
  152  9:57  Siege Tank  
  152  9:58  Marine  
  152  9:59  Marine x2  
  147  10:05  Marine x7  
  147  10:06  Marine x2  
  154  10:10  Medivac  
  152  10:16  Marine x2  
  152  10:17  Marine  
  148  10:23  Marine x4  
  148  10:24  Marine x2  
  148  10:27  Marine x3  
  142  10:29  Siege Tank  
  142  10:33  Marine  
  142  10:34  Marine x2  
  147  10:41  Marine x4  
  147  10:42  Marine x2  
  152  10:44  Marine  
  152  10:45  Marine x2  
  137  10:51  Marine  
  137  10:52  Marine x2  
  140  10:59  Marine x6  
  140  11:01  Siege Tank  
  140  11:02  Marine x2  
  140  11:03  Marine  
  139  11:09  Marine  
  139  11:10  Marine x2  
  123  11:16  Marine  
  123  11:17  Marine x4  
  123  11:18  Medivac x2  
  130  11:19  Marine  
  130  11:20  Marine  
  130  11:22  Marine x2  
  134  11:27  Marine  
  134  11:28  Marine x2  
  137  11:34  Marine x4  
  137  11:36  Marine  
  137  11:37  Marine  
  137  11:38  Marine  
  144  11:40  Marine x2  
  144  11:45  Marine x2  
  144  11:46  Marine  
  148  11:52  Marine x4  
  152  11:54  Marine  
  152  11:55  Marine  
  152  11:58  Marine  
  152  12:00  Marine  
  142  12:02  Marine  
  142  12:03  Liberator x2  
  142  12:05  Siege Tank  
  142  12:08  Marine  
  139  12:20  Marine  
  139  12:21  Marine x2  
  137  12:23  Marine x8  
  137  12:26  Marine  
  146  12:37  Siege Tank  
  146  12:38  Marine  
  146  12:39  Marine x2  
  146  12:41  Marine x8  
  146  12:43  Marine  
  150  12:55  Liberator x2  
  156  13:02  Marine x2  
  158  13:09  Siege Tank  
  158  13:11  Marine x3  
  164  13:17  Marine x3  
  164  13:24  Marine  
  164  13:25  Marine x3  
  139  13:27  Marine x2  
  139  13:32  Marine x2  
  143  13:35  Marine x3  
  143  13:38  Medivac, Liberator  
  143  13:39  Marine  
  152  13:42  Marine  
  150  13:51  Marine  
  150  13:52  Marine x4  
  150  13:54  Marine  
  153  13:57  Marine  
  153  14:01  Marine  
  155  14:08  Marine x2, Liberator  
  155  14:09  Marine  
  160  14:10  Marine  
  160  14:15  Marine  
  160  14:16  Marine x2  
  150  14:20  Marine x2  
  150  14:23  Marine x2  
  140  14:25  Liberator  
  140  14:26  Marine  
  135  14:31  Marine x2  
  135  14:37  Marine x4  
  135  14:38  Marine x2  
  126  14:40  Orbital Command  
  109  14:48  Marine x2  
Show
View Real Time Build Order
Export as new Build Order

Lambo Zerg 

Build Orders: Hatch First 

Get SALT Encoding   

  12  0:00  Drone  
  13  0:13  Overlord  
  13  0:17  Drone  
  14  0:31  Drone x2  
  16  0:48  Hatchery  
  15  0:50  Drone  
  15  0:54  Drone  
  17  0:57  Drone  
  18  1:08  Extractor  
  17  1:12  Spawning Pool  
  17  1:16  Drone  
  17  1:19  Drone  
  18  1:28  Drone  
  19  1:39  Drone  
  20  1:52  Drone  
  21  2:01  Queen x2  
  21  2:02  Zergling x4  
  27  2:10  Drone  
  27  2:11  Overlord  
  28  2:22  Hatchery  
  28  2:25  Drone  
  28  2:30  Drone  
  28  2:32  Spore Crawler  
  28  2:35  Drone  
  28  2:36  Drone  
  30  2:46  Overlord, Queen  
  30  2:51  Metabolic Boost  
  32  2:54  Drone  
  32  2:56  Drone  
  34  3:01  Drone  
  34  3:05  Drone x2  
  37  3:10  Queen  
  39  3:13  Drone  
  39  3:15  Drone x2  
  42  3:20  Drone  
  43  3:29  Overlord  
  43  3:31  Overlord  
  43  3:34  Queen, Drone  
  43  3:39  Drone x2  
  48  3:46  Queen, Drone  
  51  3:49  Drone x3  
  51  3:54  Drone x2  
  56  4:04  Drone x5  
  56  4:08  Overlord  
  61  4:16  Queen  
  61  4:18  Drone x2  
  61  4:24  Overlord  
  65  4:26  Overlord  
  65  4:29  Overlord  
  65  4:31  Zergling x8  
  69  4:35  Lair  
  69  4:37  Extractor  
  68  4:44  Hatchery  
  67  4:46  Drone x3  
  67  4:50  Overlord  
  67  4:51  Drone x4  
  74  4:57  Zergling x2  
  74  4:58  Zergling x2, Drone x2  
  78  5:02  Overlord  
  78  5:04  Spore Crawler x2, Queen  
  78  5:07  Spore Crawler  
  78  5:08  Drone x3  
  80  5:14  Drone x3  
  80  5:16  Spore Crawler  
  80  5:20  Drone x2  
  84  5:24  Drone  
  84  5:25  Drone  
  84  5:26  Drone  
  84  5:28  Drone x2  
  89  5:30  Baneling Nest, Drone  
  89  5:31  Evolution Chamber  
  89  5:32  Extractor x2  
  89  5:33  Evolution Chamber  
  89  5:35  Drone x3  
  88  5:37  Drone  
  88  5:39  Drone x2  
  88  5:40  Overseer  
  91  5:44  Zergling x6  
  91  5:46  Overseer  
  91  5:51  Zergling x6  
  89  6:03  Zerg Melee Weapons Level 1, Zerg Ground Armor Level 1  
  86  6:07  Queen x3  
  92  6:13  Zergling x14  
  92  6:15  Overlord  
  92  6:16  Hatchery  
  98  6:19  Zergling x6  
  101  6:26  Zergling x10  
  106  6:33  Centrifical Hooks  
  106  6:35  Overlord  
  106  6:37  Drone x4  
  106  6:39  Queen  
  112  6:40  Zergling x2  
  112  6:41  Zergling x2  
  112  6:44  Zergling x8  
  118  6:50  Zergling x2  
  119  6:54  Baneling x11  
  119  6:56  Baneling x2  
  119  6:57  Overlord  
  119  6:58  Baneling  
  119  7:02  Overlord  
  119  7:05  Hatchery  
  119  7:06  Zergling x14  
  125  7:10  Zergling x4  
  125  7:12  Zergling x2  
  127  7:21  Zergling x12  
  129  7:27  Zergling x12  
  135  7:33  Zergling x6  
  135  7:34  Zergling x6, Queen x2  
  135  7:35  Queen  
  135  7:36  Overseer  
  147  7:40  Zergling x4  
  147  7:43  Zergling x2  
  150  7:44  Overseer  
  150  7:48  Overlord  
  150  7:50  Overlord  
  150  7:51  Overlord  
  150  7:52  Overlord  
  150  7:53  Overlord  
  150  7:54  Overlord  
  149  7:59  Overlord  
  149  8:05  Zergling x24  
  143  8:10  Zergling x2  
  143  8:11  Zergling x4  
  135  8:13  Zerg Ground Armor Level 2  
  135  8:16  Infestation Pit  
  135  8:18  Queen x2  
  135  8:19  Zergling x6  
  139  8:21  Baneling x6  
  139  8:23  Baneling x4  
  139  8:28  Overseer  
  139  8:29  Zergling x12  
  144  8:34  Zergling x14  
  144  8:38  Baneling x8  
  144  8:39  Zergling x2  
  149  8:45  Zergling x2  
  149  8:46  Zergling x14  
  149  8:47  Baneling  
  149  8:48  Baneling x2  
  155  8:49  Zergling x2  
  155  8:51  Zergling x4  
  155  8:54  Zergling x8  
  148  8:57  Zergling x4  
  148  9:02  Hive  
  126  9:04  Zergling x4  
  126  9:06  Zergling x10  
  117  9:14  Zergling x10  
  117  9:15  Evolution Chamber  
  121  9:24  Baneling  
  121  9:25  Baneling, Zergling x14  
  121  9:27  Drone  
  129  9:31  Zergling x6  
  129  9:36  Zergling x6  
  129  9:37  Zergling x2  
  130  9:39  Zergling x4  
  130  9:43  Zergling x6  
  133  9:46  Zergling x8  
  133  9:49  Drone x2  
  133  9:50  Drone  
  133  9:51  Zergling x2  
  141  9:55  Zergling x10  
  141  9:59  Zergling x6  
  146  10:00  Zergling x4  
  146  10:01  Baneling  
  146  10:03  Zergling x4  
  149  10:12  Zergling x16  
  148  10:15  Baneling x7  
  148  10:19  Zergling x6  
  148  10:20  Baneling x2  
  148  10:21  Zergling x4  
  149  10:24  Baneling x5  
  149  10:28  Zergling x4  
  146  10:30  Zergling x8  
  146  10:31  Baneling x2  
  146  10:33  Zergling x4  
  147  10:37  Zergling x8  
  147  10:40  Baneling x6  
  147  10:41  Zergling x2  
  152  10:45  Zergling x4  
  152  10:48  Zergling x4  
  135  10:50  Zergling x2  
  135  10:54  Zergling x2  
  135  10:55  Zergling x6  
  135  10:56  Baneling x3  
  139  11:01  Zergling x4  
  139  11:03  Zergling x2  
  139  11:04  Zergling x8  
  136  11:09  Zergling x12  
  136  11:10  Baneling x3  
  132  11:11  Adrenal Glands  
  132  11:15  Zergling x6  
  132  11:16  Zergling x2  
  132  11:17  Zergling x4  
  135  11:21  Zergling x8  
  137  11:33  Baneling x9  
  137  11:36  Zergling x12  
  137  11:39  Baneling  
  141  11:40  Zergling x12  
  141  11:42  Zergling x6  
  141  11:45  Zergling x4  
  150  11:47  Baneling  
  150  11:48  Zergling x4  
  150  11:54  Zergling x8  
  137  12:03  Drone x6  
  137  12:04  Zergling x6  
  137  12:07  Zerg Melee Weapons Level 2  
  146  12:10  Zergling x4  
  146  12:14  Zergling x4  
  130  12:16  Zergling x4  
  130  12:20  Zergling x8  
  130  12:22  Zergling x4  
  123  12:26  Baneling x6  
  123  12:28  Zergling x4  
  125  12:30  Zergling x6  
  125  12:37  Zergling x12  
  125  12:42  Zergling x10  
  132  12:46  Zergling x6  
  131  12:52  Drone  
  131  12:56  Zergling x10  
  131  12:57  Baneling x2  
  131  12:58  Baneling x2, Zergling x2  
  138  13:05  Zergling x4  
  140  13:07  Baneling x9  
  140  13:08  Zergling x2  
  140  13:12  Zergling x6  
  144  13:14  Zergling x4  
  137  13:20  Zergling x4  
  137  13:23  Zergling x4  
  137  13:24  Zergling x2  
  107  13:28  Zergling x8  
  107  13:30  Zergling x2  
  107  13:34  Baneling  
  107  13:35  Baneling x5, Zergling x2  
  107  13:36  Zergling x2  
  107  13:40  Zergling x8  
  113  13:48  Zergling x4  
  113  13:54  Zergling x8  
  117  13:56  Baneling x9  
  117  13:58  Zergling x4  
  117  14:02  Zergling x8  
  122  14:05  Baneling x5  
  122  14:06  Baneling  
  122  14:09  Zergling x2  
  124  14:10  Zergling x2  
  124  14:14  Zergling x8  
  124  14:15  Queen x2  
  114  14:20  Zergling x4  
  114  14:21  Queen x2  
  111  14:25  Zergling x8  
  114  14:31  Zergling x4  
  114  14:36  Zergling x6  
  114  14:37  Zergling x2  
  112  14:40  Zergling x4  
  112  14:43  Zergling x4  
  112  14:44  Zergling x2  
  112  14:45  Zergling x2  
  106  14:53  Zergling x4  
  106  14:55  Zergling x8  
  106  14:56  Baneling x9  
Tags
 
Add a new tag
Caveats
  • Supply blocks, unpowered buildings, or Contaminate may cause inaccurate times.
  • Supply counts are checked every 10 seconds.